[Event "*** Titled Tuesday Blitz"]
[Site "Chess.com"]
[Date "2021.02.02"]
[Round "10"]
[White "BahadirOzen"]
[Black "Aradej"]
[Result "1-0"]
[WhiteElo "2727"]
[BlackElo "2549"]
[TimeControl "180+1"]
[EndTime "11:55:38 PST"]
[Termination "BahadirOzen won by resignation"]

1. g3 d5 2. Bg2 Nf6 3. d3 c6 4. Nd2 e5 5. e4 Bd6 6. Ngf3 O-O 7.
O-O Re8 8. Re1 Nbd7 9. b3 a5 10. a3 b6 11. Bb2 Bb7 12. c3 Qc7 13. Qc2 Rad8 14. b4 h6 15. Rad1 Bf8 16. Qb3 axb4 17.
cxb4 c5 18. Rc1 dxe4 19. dxe4 Qb8 20. b5 Qa8 21. Nh4 Nh7 22. Nc4 Ng5 23. f3 Qb8 24. Nf5 Ne6 25. Nfe3 Nd4 26. Qa2 Qa7 27. Bc3 Nf6 28.
Qb2 Ra8 29. a4 Rab8 30. Ra1 Ba8 31. Red1 Qc7 32. Ra2 Red8 33. Kh1 Ne8 34. Raa1 Nd6 35. Nxd6 Qxd6 36. Nc4 Qc7 37. a5 bxa5 38. Bxa5 Qe7 39. Bxd8 Rxd8 40. b6 Rb8 41. Qa2 Qf6 42. Qxa8 Rxa8 43.
Rxa8 Qe6 44. b7 Nc6 45. Na5 1-0

[Event "*** Titled Tuesday Blitz"]
[Site "Chess.com"]
[Date "2021.02.02"]
[Round "10"]
[White "J36225"]
[Black "Kildepiotr"]
[Result "1-0"]
[WhiteElo "2465"]
[BlackElo "2570"]
[TimeControl "180+1"]
[EndTime "11:55:38 PST"]
[Termination "J36225 won by checkmate"]

1. e4 g6 2. Nf3 Bg7 3. Nc3 c6 4. d4 d6 5. a4 Nf6 6. h3 O-O 7.
Bc4 Qc7 8. Bf4 Nfd7 9. O-O e5 10.
dxe5 dxe5 11. Be3 Nb6 12. Bb3 a5 13. Qe2 N8d7 14. Rad1 Nf6 15. Rd2 Nh5 16. Rfd1 Nf4 17.
Bxf4 exf4 18. Ng5 Be5 19. Nf3 Be6 20. Nxe5 Qxe5 21. Bxe6 fxe6 22. Qf3 Rf7 23. b3 Raf8 24. Ne2 Nc8 25. Nd4 Ne7 26. Qd3 g5 27. Nf3 Qc5 28. Qd4 Qxd4 29. Nxd4 Rf6 30. Nf3 h6 31. Rd7 Ng6 32.
Rxb7 R6f7 33. Rdd7 Rxd7 34. Rxd7 Rf7 35. Rd6 Rc7 36.
Rxe6 Kf7 37. Rd6 c5 38. e5 c4 39. Rf6+ Kg7 40. Rd6 cxb3 41. cxb3 Rc3 42. Rd7+ Kf8 43. e6 Rxb3 44. Nd4 Rb4 45. Nf5 Re4 46. Rd8# 1-0

[Event "*** Titled Tuesday Blitz"]
[Site "Chess.com"]
[Date "2021.02.02"]
[Round "10"]
[White "andy_rekt"]
[Black "korkmaz16"]
[Result "0-1"]
[WhiteElo "2238"]
[BlackElo "2390"]
[TimeControl "180+1"]
[EndTime "11:55:38 PST"]
[Termination "korkmaz16 won on time"]

1. d4 d5 2. c4 e5 3. dxe5 d4 4. Nf3 Nc6 5. a3 Nge7 6. e3 Bg4 7. Be2 dxe3 8. Bxe3 Qxd1+ 9. Bxd1 Ng6 10. O-O O-O-O 11.
Nc3 Ncxe5 12. Nxe5 Nxe5 13. Bf4 Bxd1 14. Bxe5 Bb3 15. Nb5 Rd7 16. Rfc1 a6 17. Nd4 Ba4 18. Ne2 f6 19. Bc3 Bb3 20. Bb4 c5 21. Bc3 Bd6 22.
Ba5 Re8 23. Ng3 Be5 24. Bc3 Bd4 25. Nf5 g6 26. Nxd4 cxd4 27. Bb4 Re2 28. Re1 Rxb2 29. c5 d3 30. Reb1 Rxb1+ 31. Rxb1 d2 0-1

[Event "*** Titled Tuesday Blitz"]
[Site "Chess.com"]
[Date "2021.02.02"]
[Round "10"]
[White "GelmanAlexander"]
[Black "2nd_life"]
[Result "1-0"]
[WhiteElo "2587"]
[BlackElo "2457"]
[TimeControl "180+1"]
[EndTime "11:55:39 PST"]
[Termination "GelmanAlexander won on time"]

1. d4 Nf6 2. Nc3 e6 3. Bf4 Bb4 4. Qd3 b6 5. O-O-O Ba6 6. Qf3 Nc6 7. d5 exd5 8. Nxd5 Nxd5 9. Qxd5 O-O 10. Nf3 Qf6 11.
e3 Bxf1 12. Rhxf1 Qe6 13. a3 Be7 14. Bxc7 Rac8 15. Qxd7 Qa2 16. Qxc6 Qa1+ 17. Kd2 Qxb2 18. Nd4 Qxa3 19. Qd7 Bb4+ 20. Ke2 Bc3 21. Bd6 1-0

[Event "*** Titled Tuesday Blitz"]
[Site "Chess.com"]
[Date "2021.02.02"]
[Round "10"]
[White "ljuks68"]
[Black "fish7728"]
[Result "1-0"]
[WhiteElo "2390"]
[BlackElo "2203"]
[TimeControl "180+1"]
[EndTime "11:55:39 PST"]
[Termination "ljuks68 won by resignation"]

1. e4 c5 2. Nf3 e6 3. d4 cxd4 4. Nxd4 a6 5. Bd3 Qc7 6. Qe2 d6 7. c4 Nf6 8. Nc3 Be7 9. O-O O-O 10. Bd2 Nbd7 11. f4 b6 12. Rae1 Bb7 13. Kh1 Rac8 14. b3 Rfe8 15. e5 dxe5 16. fxe5 Nxe5 17. Qxe5 Bd6 18.
Qg5 Be7 19. Qh4 Rcd8 20. Bg5 h6 21. Bxf6 Bxf6 22. Rxf6 gxf6 23. Qxf6 Rxd4 24. Qxd4 Rd8 25. Qg4+ Kf8 26. Be4 Qe5 27. Qf3 Rd4 28. Qg3 Qxe4 29. Nxe4 Bxe4 1-0

[Event "*** Titled Tuesday Blitz"]
[Site "Chess.com"]
[Date "2021.02.02"]
[Round "10"]
[White "ChessQueen"]
[Black "hansen"]
[Result "0-1"]
[WhiteElo "2736"]
[BlackElo "2917"]
[TimeControl "180+1"]
[EndTime "11:55:40 PST"]
[Termination "hansen won by resignation"]

1. e4 c5 2. c3 Nf6 3. e5 Nd5 4. d4 cxd4 5. Nf3 Nc6 6. cxd4 d6 7. Bc4 e6 8. O-O Be7 9. Qe2 O-O 10. Rd1 Bd7 11.
Bd2 Rc8 12. Nc3 Ncb4 13. Rac1 Qb6 14. Ne4 dxe5 15. dxe5 Ba4 16. b3 Bc6 17. a3 Na6 18. b4 Ba4 19. Re1 Rfd8 20. Bg5 Bxg5 21. Nfxg5 h6 22.
Qh5 Rc7 23. Nf6+ Nxf6 24. exf6 Qd4 25. fxg7 Qxg7 26. Nf3 Rdc8 27. Re4 Rxc4 28. Rce1 Rxe4 29. Rxe4 Rc1+ 30. Ne1 Bc2 31. Re3 Bg6 32. Qb5 Qa1 33. Qe2 Nc7 34. h4 Nd5 35. Re5 Nf4 36. Qe3 Nd3 0-1

[Event "*** Titled Tuesday Blitz"]
[Site "Chess.com"]
[Date "2021.02.02"]
[Round "10"]
[White "ChristopherYoo"]
[Black "Nikolakis2014"]
[Result "1-0"]
[WhiteElo "2845"]
[BlackElo "2639"]
[TimeControl "180+1"]
[EndTime "11:55:41 PST"]
[Termination "ChristopherYoo won by resignation"]

1. e4 c6 2. Nc3 d5 3. Qf3 d4 4. Bc4 Nf6 5. e5 dxc3 6. exf6 exf6 7. bxc3 Bd6 8. d4 O-O 9. Ne2 Nd7 10. O-O Re8 11.
Bf4 Nf8 12. Bd3 Ng6 13. Bg3 Be6 14. c4 Bxg3 15. hxg3 Qd7 16. Bxg6 hxg6 17. Qc3 Rad8 18. Rfe1 g5 19. Rad1 b6 20. a4 a5 21. Rb1 Qc7 22. d5 Bd7 23. c5 cxd5 24. cxb6 Qxc3 25. Nxc3 Rxe1+ 26. Rxe1 d4 27. Rd1 Bc6 28. Nb5 Bxb5 29. axb5 Rb8 30. Rxd4 Rxb6 31. c4 Rb8 32. Rd7 Rc8 33.
b6 Rxc4 34. b7 Rb4 35. Rd8+ Kh7 36. b8=Q Rxb8 37. Rxb8 1-0

[Event "*** Titled Tuesday Blitz"]
[Site "Chess.com"]
[Date "2021.02.02"]
[Round "10"]
[White "olksuna"]
[Black "mjray79"]
[Result "1-0"]
[WhiteElo "2690"]
[BlackElo "2516"]
[TimeControl "180+1"]
[EndTime "11:55:41 PST"]
[Termination "olksuna won by resignation"]

1. e4 d5 2. exd5 Qxd5 3. Nc3 Qa5 4. d4 Nf6 5. Bd2 Bf5 6. Bc4 c6 7. Nd5 Qd8 8. Nxf6+ gxf6 9. Nf3 e6 10. Qe2 Nd7 11. d5 cxd5 12. Bxd5 Qc7 13. Nd4 Bg6 14. Nb5 Qb6 15.
O-O Be7 16. Be3 Qd8 17. Bf4 O-O 18. Bxb7 e5 19. Bxa8 Qxa8 20. Bh6 Rc8 21. Nc3 f5 22. Rad1 Qc6 23. Nd5 Bc5 24. c3 f4 25. Qg4 f5 26.
Qh4 Kf7 27. Rfe1 Rg8 28. Bg5 f3 29. Be7 Ke6 30. Bxc5 Qxc5 31. b4 Qd6 32. Nf4+ 1-0

[Event "*** Titled Tuesday Blitz"]
[Site "Chess.com"]
[Date "2021.02.02"]
[Round "10"]
[White "ElGasanov"]
[Black "PopMilan95"]
[Result "1-0"]
[WhiteElo "2832"]
[BlackElo "2621"]
[TimeControl "180+1"]
[EndTime "11:55:43 PST"]
[Termination "ElGasanov won by resignation"]

1. d4 Nf6 2. c4 g6 3. Nc3 Bg7 4. Bg5 c5 5. d5 O-O 6. Nf3 b5 7.
cxb5 a6 8. a4 h6 9. Bd2 e6 10.
dxe6 dxe6 11. e3 Bb7 12. Qc2 axb5 13. Bxb5 Na6 14. O-O-O Nb4 15. Qb1 Qc7 16. e4 c4 17.
Ne1 Rfd8 18. f3 h5 19. Be3 Rxd1+ 20. Kxd1 Rd8+ 21. Ke2 h4 22. Nc2 Nd3 23. Na3 Nh5 24.
Nxc4 Nhf4+ 25. Kf1 h3 26. g3 Bd4 27. gxf4 Bxe3 28.
Nxe3 Qxf4 29. Ke2 Qg5 30. Bxd3 Ba6 31. Bxa6 1-0

[Event "*** Titled Tuesday Blitz"]
[Site "Chess.com"]
[Date "2021.02.02"]
[Round "10"]
[White "Fortitudine"]
[Black "HrvojeZagreb"]
[Result "0-1"]
[WhiteElo "2327"]
[BlackElo "2238"]
[TimeControl "180+1"]
[EndTime "11:55:45 PST"]
[Termination "HrvojeZagreb won on time"]

1. c4 f5 2. g3 e5 3. Bg2 Nf6 4. Nc3 d6 5. d3 Be7 6. e3 O-O 7. Nge2 Qe8 8. O-O Qh5 9. f4 Nc6 10. Nd5 Bd8 11. Nxf6+ Rxf6 12. Nc3 Qg6 13. Nd5 Rf8 14. b4 Ne7 15. Bb2 c6 16. Nxe7+ Bxe7 17. fxe5 dxe5 18. Bxe5 Bxb4 19. Qb3 Be7 20. d4 Kh8 21. Rad1 Bd6 22. Bxd6 Qxd6 23. d5 c5 24. Qc3 Bd7 25. e4 fxe4 26. Bxe4 Bh3 27. Bg2 Bxg2 28. Kxg2 h6 29. Rde1 Rxf1 30. Rxf1 Re8 0-1

[Event "*** Titled Tuesday Blitz"]
[Site "Chess.com"]
[Date "2021.02.02"]
[Round "10"]
[White "A-S-00"]
[Black "ShahMatKanal"]
[Result "0-1"]
[WhiteElo "2331"]
[BlackElo "2481"]
[TimeControl "180+1"]
[EndTime "11:55:47 PST"]
[Termination "ShahMatKanal won by resignation"]

1. d4 Nf6 2. c4 g6 3. Nf3 Bg7 4. Nc3 d6 5. e4 O-O 6. Be2 Nc6 7. O-O e5 8. d5 Ne7 9. Ne1 Nd7 10. Be3 f5 11. f4 exf4 12. Bxf4 Nc5 13. Qc2 fxe4 14.
Nxe4 Bf5 15. Bf3 g5 16. Bxg5 Bxe4 17. Qd2 Qd7 18. Be3 Bg6 19. Nc2 Nf5 20. Bf2 Rae8 21.
Bg4 Qe7 22. Rae1 Qf6 23. Bxc5 dxc5 24. Rxe8 Rxe8 25. Ne3 Qd4 26. Qxd4 Bxd4 27. Bxf5 Bxe3+ 28. Kh1 Bxf5 29. Rxf5 Rf8 0-1

[Event "*** Titled Tuesday Blitz"]
[Site "Chess.com"]
[Date "2021.02.02"]
[Round "10"]
[White "Man-Chuk"]
[Black "Blitzstream"]
[Result "1-0"]
[WhiteElo "2931"]
[BlackElo "2760"]
[TimeControl "180+1"]
[EndTime "11:55:49 PST"]
[Termination "Man-Chuk won by resignation"]

1. c4 c6 2. g3 d5 3. Bg2 Nf6 4. Nf3 Bf5 5. O-O e6 6. d3 dxc4 7. dxc4 Qxd1 8. Rxd1 Nbd7 9. Nc3 Bc2 10. Rd2 Bg6 11.
Nh4 Bb4 12. Nxg6 hxg6 13. Rc2 O-O-O 14. a3 Bc5 15. Na4 Bd4 16. h3 Nb6 17. Nxb6+ axb6 18. Bd2 Rd7 19. Kf1 Rhd8 20. Be1 g5 21. e3 Be5 22.
Ke2 Ne8 23. Rb1 f5 24. b4 Kc7 25. a4 Ra8 26. a5 Nf6 27. Ra2 bxa5 28. bxa5 Ne4 29. Bxe4 fxe4 30. Ra4 c5 31. Rb5 Bd6 32. Bc3 Rh8 33. a6 bxa6 34. Rxa6 Rxh3 35. Ba5+ Kc8 36. Ra8+ 1-0

[Event "*** Titled Tuesday Blitz"]
[Site "Chess.com"]
[Date "2021.02.02"]
[Round "10"]
[White "ChampStan"]
[Black "zacachess"]
[Result "1-0"]
[WhiteElo "2202"]
[BlackElo "2424"]
[TimeControl "180+1"]
[EndTime "11:55:49 PST"]
[Termination "ChampStan won by checkmate"]

1. d4 Nf6 2. c4 g6 3. Nf3 Bg7 4. g3 O-O 5. Bg2 d6 6. O-O Nc6 7. Nc3 a6 8. d5 Na5 9. b3 c5 10. dxc6 Nxc6 11. Bb2 h6 12. Qd2 Be6 13. Rfd1 Rb8 14.
Rac1 Nd7 15. Nd5 Nde5 16. Nxe5 dxe5 17. e3 f5 18. Ba3 Rf7 19. Qe2 Qa5 20. Bb2 e4 21. Bxg7 Kxg7 22. Qb2+ Kh7 23. b4 Qa4 24. Nc7 Rf6 25. b5 Ne5 26. Qxe5 Bg8 27. Qxe7+ Rf7 28.
Qe5 Rc8 29. Nd5 Rxc4 30. Nf6+ Rxf6 31. Qxf6 Qxb5 32. Rxc4 Bxc4 33. Qe7+ Kh8 34. Rd8+ Bg8 35. Bf1 Qc6 36. Rd6 Qc5 37. Rd7 Qc6 38. Qg7# 1-0

[Event "*** Titled Tuesday Blitz"]
[Site "Chess.com"]
[Date "2021.02.02"]
[Round "10"]
[White "eljanov"]
[Black "markowskitomasz"]
[Result "1-0"]
[WhiteElo "2875"]
[BlackElo "2645"]
[TimeControl "180+1"]
[EndTime "11:55:51 PST"]
[Termination "eljanov won on time"]

1. e4 c5 2. Nf3 Nc6 3. Bb5 e6 4. Bxc6 bxc6 5. d3 Ne7 6. Qe2 f6 7.
h4 d6 8. h5 e5 9. Nbd2 Bg4 10.
Rh4 Qd7 11. Nc4 Be6 12. Bd2 Nc8 13. O-O-O Nb6 14. b3 d5 15. Ncxe5 fxe5 16. Nxe5 Qc7 17. exd5 Nxd5 18. Ng6 hxg6 19. Qxe6+ Ne7 20. Re1 Rd8 21. Rf4 Rd6 22. Qf7+ Kd8 23. h6 g5 24. hxg7 Bxg7 25. Qxg7 Re8 26. Rfe4 Rd7 27. Bxg5 1-0

[Event "*** Titled Tuesday Blitz"]
[Site "Chess.com"]
[Date "2021.02.02"]
[Round "10"]
[White "AntonovaNadezhda"]
[Black "tylityli"]
[Result "0-1"]
[WhiteElo "2141"]
[BlackElo "2294"]
[TimeControl "180+1"]
[EndTime "11:55:52 PST"]
[Termination "tylityli won by resignation"]

1. b3 e5 2. Bb2 Nc6 3. e3 g6 4.
Bb5 Bg7 5. d4 exd4 6. Nf3 Nge7 7. Nxd4 O-O 8. O-O d6 9. Nxc6 bxc6 10. Bxg7 Kxg7 11. Be2 c5 12. c4 Bb7 13. Nc3 Nf5 14. Bf3 Bxf3 15. Qxf3 Qe8 16. Nd5 Rc8 17. Qe2 c6 18. Qb2+ f6 19. Nc3 Qe5 20. Na4 Rfd8 21. Rfd1 Kf7 22. Rac1 Nh4 23. Qd2 Qg5 24. f4 Nf3+ 25.
Kf2 Nxd2 26. fxg5 Ne4+ 27. Ke2 Nxg5 28. h4 Ne4 29. Kf3 f5 30. Rd3 Ke6 31. Rcd1 Nf6 32.
Nxc5+ Ke7 33. Na4 Ne4 34. g4 Rg8 35. gxf5 gxf5 36. c5 d5 37. Nc3 Ke6 38. Nxe4 fxe4+ 0-1

[Event "*** Titled Tuesday Blitz"]
[Site "Chess.com"]
[Date "2021.02.02"]
[Round "10"]
[White "awesomevishesh"]
[Black "Kotofeyca"]
[Result "1-0"]
[WhiteElo "2503"]
[BlackElo "2396"]
[TimeControl "180+1"]
[EndTime "11:55:53 PST"]
[Termination "awesomevishesh won by resignation"]

1. e4 c5 2. Nf3 d6 3. d4 cxd4 4. Nxd4 Nf6 5. Nc3 a6 6. g3 e5 7. Nde2 b5 8. Bg2 Bb7 9. O-O Nbd7 10. a4 b4 11. Nd5 Bxd5 12. exd5 a5 13. h3 g6 14. c3 bxc3 15. Nxc3 Bg7 16. Be3 O-O 17. Nb5 Qb8 18. Rc1 Rc8 19. Rxc8+ Qxc8 20. Nxd6 Qf8 21. Nb5 Qb4 22. b3 Nc5 23. d6 Rd8 24. Bd2 Qxb3 25.
Bxa5 Rd7 26. Bc6 Qxd1 27. Rxd1 Nxa4 28. Bxd7 Nxd7 29. Rc1 Nac5 30. Bb4 Nd3 31. Rc8+ Bf8 32. Ba3 e4 33. Rc7 N3e5 34. Bb2 Nd3 35. Bd4 N3e5 36. Bxe5 Nxe5 37. d7 Nf3+ 38. Kg2 Be7 39. Rc8+ Kg7 40. d8=Q Bxd8 41. Rxd8 f5 42. Rd7+ Kg8 43. Nd4 Ne5 44. Re7 Nc4 45. Ne6 h6 46. Rg7+ Kh8 47. Rxg6 Ne5 48. Rxh6+ 1-0

[Event "*** Titled Tuesday Blitz"]
[Site "Chess.com"]
[Date "2021.02.02"]
[Round "10"]
[White "PriSachu"]
[Black "PerAsperaAdAstraCB"]
[Result "1-0"]
[WhiteElo "2491"]
[BlackElo "2363"]
[TimeControl "180+1"]
[EndTime "11:55:56 PST"]
[Termination "PriSachu won by resignation"]

1. e4 c6 2. d4 d5 3. Nd2 dxe4 4. Nxe4 Nf6 5. Nxf6+ exf6 6. c3 Bd6 7. Bd3 O-O 8.
Qc2 Re8+ 9. Ne2 h5 10. O-O h4 11. h3 Nd7 12. Bd2 Nf8 13. Rae1 Be6 14. f4 Qc7 15. c4 Rad8 16. f5 Bc8 17. c5 Bh2+ 18.
Kh1 Nh7 19. Bc4 Ng5 20. Bxg5 fxg5 21. f6 Be6 22. fxg7 Kxg7 23. Bxe6 Rxe6 24. Qf5 Rg6 25. Nc3 Rxd4 26. Re8 Bf4 27. Rfe1 Rf6 28. Qg4 Qd7 29.
Qh5 Rh6 30. Rg8+ Kxg8 31. Qxh6 Rd2 32. Ne4 f5 33. Nf6+ 1-0

[Event "*** Titled Tuesday Blitz"]
[Site "Chess.com"]
[Date "2021.02.02"]
[Round "10"]
[White "FearNoEvil12"]
[Black "WilliamSchill"]
[Result "0-1"]
[WhiteElo "2173"]
[BlackElo "1992"]
[TimeControl "180+1"]
[EndTime "11:55:57 PST"]
[Termination "WilliamSchill won by resignation"]

1. e4 c5 2. Nc3 Nc6 3. f4 g6 4. Nf3 Bg7 5. Bc4 e6 6. f5 Nge7 7. fxg6 hxg6 8. d3 d5 9. Bb3 b5 10. O-O c4 11. dxc4 dxc4 12. Qxd8+ Nxd8 13. Nxb5 cxb3 14. Nc7+ Kd7 15. Nxa8 Bb7 16. axb3 Bxa8 17.
Rxa7+ Bb7 18. Rd1+ Kc8 19. Bf4 Nec6 20. Ra4 Bxb2 21.
h3 f6 22. Be3 Be5 23. Kf2 Bc7 24. Bc5 e5 25. Ke3 Ne6 26. b4 Re8 27. Bd6 Bb6+ 28.
Ke2 Ncd4+ 29. Nxd4 Nxd4+ 30. Kd3 Kd7 31. Bc5 Bxc5 32.
bxc5 Kc7 33. c3 Ne6 34. Rb1 Nxc5+ 35. Kc4 Nxa4 36. Rf1 Re6 37. Kb4 Nb6 38. c4 Bxe4 39. c5 Nd7 40. Kb5 Bc6+ 41. Kc4 f5 42. Ra1 e4 43. Ra7+ Kb8 44. Ra2 Re5 45. Ra1 Rxc5+ 46. Kd4 Rd5+ 47. Ke3 Kc7 48. Ke2 Kd6 49. g4 Ke5 50. gxf5 gxf5 51. h4 f4 52. Rh1 Bb5+ 53.
Ke1 Ba4 54. Rh2 Rd1+ 55. Ke2 f3+ 56. Ke3 Rd3+ 57. Kf2 Rd2+ 58. Kg3 Rxh2 59. Kxh2 Kf4 60. Kg1 e3 61. Kf1 f2 0-1

[Event "*** Titled Tuesday Blitz"]
[Site "Chess.com"]
[Date "2021.02.02"]
[Round "10"]
[White "FairChess_on_YouTube"]
[Black "Chopper1905"]
[Result "1-0"]
[WhiteElo "2948"]
[BlackElo "2938"]
[TimeControl "180+1"]
[EndTime "11:55:58 PST"]
[Termination "FairChess_on_YouTube won by resignation"]

1. e4 c5 2. Nc3 d6 3. Nge2 Nf6 4. h3 g6 5. d4 cxd4 6. Nxd4 Nc6 7. Be3 Bg7 8. Bc4 Bd7 9. O-O Na5 10. Bd3 a6 11. Qd2 O-O 12. Bh6 Rc8 13. Bxg7 Kxg7 14. Nd5 Nc6 15.
Nf3 e5 16. Ne3 Be6 17. c4 h6 18. b3 Qb6 19. Rad1 Rfd8 20. Kh1 Qb4 21. Qb2 a5 22.
Ne1 Nd4 23. f4 Nh5 24. Kh2 a4 25. N1c2 Qb6 26. Nxd4 exd4 27. f5 Bd7 28. Nd5 Qa7 29. fxg6 fxg6 30. g4 axb3 31. axb3 1-0

[Event "*** Titled Tuesday Blitz"]
[Site "Chess.com"]
[Date "2021.02.02"]
[Round "10"]
[White "petrkostenko"]
[Black "Homino"]
[Result "1-0"]
[WhiteElo "2434"]
[BlackElo "2290"]
[TimeControl "180+1"]
[EndTime "11:55:58 PST"]
[Termination "petrkostenko won by resignation"]

1. e4 c5 2. Nf3 Nc6 3. d4 cxd4 4. Nxd4 g6 5. c4 Nf6 6. Nc3 d6 7. Be2 Nxd4 8. Qxd4 Bg7 9. Be3 O-O 10. Qd2 Be6 11.
Rc1 a5 12. O-O a4 13. f4 Qa5 14. f5 Bd7 15. Bd3 Bc6 16. Nd5 Qxd2 17. Bxd2 Nxd5 18. cxd5 Bd7 19. Bc3 Rfc8 20. Kf2 a3 21. Bxg7 Kxg7 22. b3 gxf5 23. exf5 Kf6 24. Ke3 Rc5 25. Rxc5 dxc5 26. Kf4 b6 27. g4 h6 28. h4 Rg8 29. Re1 b5 30. Rg1 Rc8 31. g5+ hxg5+ 32. hxg5+ Kg7 33. Rc1 Rc7 34. Be2 Be8 35. Ke5 Rc8 36. f6+ exf6+ 37. gxf6+ Kg6 38. Bd3+ Kg5 39. Bf5 Rd8 40.
Rg1+ Kh4 41. Kf4 1-0

[Event "*** Titled Tuesday Blitz"]
[Site "Chess.com"]
[Date "2021.02.02"]
[Round "10"]
[White "DenLaz"]
[Black "Aygehovit1992"]
[Result "1-0"]
[WhiteElo "2816"]
[BlackElo "2620"]
[TimeControl "180+1"]
[EndTime "11:55:59 PST"]
[Termination "DenLaz won by resignation"]

1. d4 Nf6 2. c4 g6 3. Nc3 d5 4. Bf4 Bg7 5. e3 O-O 6. cxd5 Nxd5 7. Nxd5 Qxd5 8. Bxc7 Nc6 9. Ne2 Bf5 10. Nc3 Qd7 11. Bg3 Rfd8 12. Be2 Rac8 13. O-O h5 14. Rc1 Qe8 15.
Qb3 b6 16. Rfd1 e5 17. d5 Na5 18. Qa3 Nc4 19. Bxc4 Rxc4 20. Qxa7 h4 21. b3 Rxc3 22. Rxc3 hxg3 23. hxg3 Bg4 24. Rd2 Qb5 25. d6 e4 26.
Rc4 Bf5 27. Qe7 Re8 28. a4 Rxe7 29. dxe7 Qxb3 30. e8=Q+ Kh7 31. Rc1 Be6 32. Qb5 Qa3 33. Rdc2 Bf6 34. Qxb6 Qxa4 35. Qc6 Qb3 36. Qxe4 Bf5 37.
Qc4 Bxc2 38. Qxc2 Qe6 39. Qc4 Qe7 40. Rd1 Kg7 41. Qc6 Bg5 42. Rd7 Qf6 43. Qxf6+ 1-0

[Event "*** Titled Tuesday Blitz"]
[Site "Chess.com"]
[Date "2021.02.02"]
[Round "10"]
[White "MasterMK73"]
[Black "imdvb6307"]
[Result "0-1"]
[WhiteElo "2223"]
[BlackElo "2380"]
[TimeControl "180+1"]
[EndTime "11:55:59 PST"]
[Termination "imdvb6307 won on time"]

1. e4 Nc6 2. Nf3 d6 3. h3 Nf6 4. Nc3 e5 5. d4 Be7 6. Bb5 exd4 7.
Qxd4 Bd7 8. Bxc6 Bxc6 9. O-O Nd7 10. Nd5 Bf6 11. Qd1 O-O 12. Re1 Nb6 13. Nxf6+ Qxf6 14. Nd4 Bd7 15. Qd3 Rfe8 16. a4 Nxa4 17. Nb3 Nxb2 18. Bxb2 Qxb2 19. Nd4 Qb4 20. Reb1 Qc5 21. Rxb7 Reb8 22.
Nb3 Qe5 23. Raxa7 Bc6 24. Rxc7 Rxa7 25. Rxa7 Bxe4 26. Qc4 Bd5 27. Qc7 Re8 28. Qd7 h5 29. Ra5 Re6 30. Qc8+ Kh7 31. c4 Qe1+ 32. Kh2 Bf3 0-1

[Event "*** Titled Tuesday Blitz"]
[Site "Chess.com"]
[Date "2021.02.02"]
[Round "10"]
[White "Walter_White_Poland"]
[Black "Vugar_Manafov"]
[Result "0-1"]
[WhiteElo "2348"]
[BlackElo "2666"]
[TimeControl "180+1"]
[EndTime "11:56:00 PST"]
[Termination "Vugar_Manafov won on time"]

1. e4 Nf6 2. e5 Nd5 3. d4 d6 4. Nf3 Nb6 5. Bd3 g6 6. h3 Bg7 7.
O-O O-O 8. Re1 Nc6 9. exd6 cxd6 10. Bg5 h6 11. Be3 e5 12. Qd2 Kh7 13. dxe5 dxe5 14. Nc3 f5 15. Bc5 Re8 16. Bb5 Qxd2 17. Nxd2 Be6 18. Bxc6 bxc6 19. Nb3 Nd5 20. Nxd5 cxd5 21.
c3 f4 22. Bd6 Bf7 23. Rad1 Rad8 24. Bc7 Rd7 25. Ba5 Rb7 26. Bb4 g5 27. Nc5 Rbb8 28.
Nd3 e4 29. Nc5 h5 30. Nb3 g4 31. hxg4 hxg4 32. Nd4 Kg6 33. Bd6 Rxb2 34. Bxf4 Rxa2 35.
Ra1 Rxa1 36. Rxa1 Re7 37. Be3 Kh7 38. Nc6 Rc7 39. Rxa7 Rxa7 40. Bxa7 Bxc3 41. Bd4 Bd2 42. Ne5 Be6 43. Kh2 Bf4+ 44. g3 Bd2 45. Nc6 Kg6 46.
Be3 Bc3 47. Nd4 Bd7 48. Ne2 Be5 49. Bd4 Kf5 50. Kg2 Bb5 51. Bxe5 Kxe5 52. Nc3 Bc4 53. Nb1 d4 54. Nd2 Be2 55. f3 gxf3+ 56. Kh3 e3 57.
Nb3 f2 0-1

[Event "*** Titled Tuesday Blitz"]
[Site "Chess.com"]
[Date "2021.02.02"]
[Round "10"]
[White "kekic76"]
[Black "IriBu"]
[Result "0-1"]
[WhiteElo "2395"]
[BlackElo "2554"]
[TimeControl "180+1"]
[EndTime "11:56:01 PST"]
[Termination "IriBu won by resignation"]

1. e4 c5 2. Nf3 Nc6 3. d4 cxd4 4. Nxd4 e5 5. Nb5 d6 6. N1c3 a6 7. Na3 Be6 8. Nc4 b5 9. Ne3 Nf6 10. Bd3 g6 11. O-O Bg7 12. a3 O-O 13. Qe2 Rc8 14.
Rd1 Qc7 15. Bd2 Nd4 16. Qf1 Rfd8 17. h3 d5 18. exd5 Nxd5 19. Ncxd5 Bxd5 20. Nxd5 Rxd5 21. Rac1 Rd7 22. Qe1 f5 23. Ba5 Qb7 24. c4 Nb3 25. Rc2 e4 26. Be2 Rxd1 27. Bxd1 Nxa5 28. Qxa5 bxc4 29.
Be2 Qb5 30. Qd2 h5 31. Qc1 Kh8 32. Bxc4 Qa5 33. b4 Qb6 34. Be2 Rxc2 35. Qxc2 Kh7 36.
Qc4 e3 37. Qxa6 exf2+ 38. Kf1 Qe3 39. Qd3 Qc1+ 40. Kxf2 Bf6 41. g4 hxg4 42. hxg4 f4 43. Qd7+ Kh6 44. Qd3 Qh1 45. Qf3 Bd4+ 0-1

[Event "*** Titled Tuesday Blitz"]
[Site "Chess.com"]
[Date "2021.02.02"]
[Round "10"]
[White "VladimirBugayev"]
[Black "GMMarcinDziuba"]
[Result "1/2-1/2"]
[WhiteElo "2275"]
[BlackElo "2578"]
[TimeControl "180+1"]
[EndTime "11:56:01 PST"]
[Termination "Game drawn by agreement"]

1. e4 c6 2. d4 d5 3. exd5 cxd5 4. Bd3 g6 5. Nf3 Bg7 6. O-O Nf6 7. c3 O-O 8. Re1 Bg4 9. h3 Bxf3 10. Qxf3 Nc6 11. a4 Re8 12. Bf4 Qb6 13. Bb5 a6 14. Bxc6 bxc6 15. Qe2 c5 16. dxc5 Qxc5 17. Be5 Ne4 18.
Bxg7 Kxg7 19. Nd2 Nxd2 20. Qxd2 Rab8 21. Re2 e6 22. Qf4 Qe7 23. Rae1 Qf6 24. Qc7 Rec8 25. Qa7 Qf4 26. Qxa6 Ra8 27. Qb7 Qxa4 28. Rxe6 Rab8 29. Qe7 Rxb2 30. Qf6+ Kg8 31. Re7 Rf8 32. c4 Rd2 33. c5 Qd4 34. Qxd4 Rxd4 35. c6 Rc4 36. c7 Kg7 37.
Rd7 d4 38. Rd1 Rc8 39. R1xd4 R4xc7 40. Rxc7 Rxc7 41. Ra4 h5 42. h4 Rc2 43. g3 1/2-1/2

[Event "*** Titled Tuesday Blitz"]
[Site "Chess.com"]
[Date "2021.02.02"]
[Round "10"]
[White "publicaccountcze"]
[Black "MoreChessJulia"]
[Result "1-0"]
[WhiteElo "2337"]
[BlackElo "2153"]
[TimeControl "180+1"]
[EndTime "11:56:01 PST"]
[Termination "publicaccountcze won by resignation"]

1. d4 g6 2. c4 Bg7 3. Nc3 c5 4. e3 Nc6 5. Nf3 cxd4 6. Nxd4 d6 7. Be2 Bd7 8. O-O Nf6 9. b3 O-O 10. Bb2 a6 11. Rc1 Qa5 12. Qd2 Rfd8 13. a3 Ne5 14. b4 Qc7 15. Nd5 Nxd5 16. cxd5 Qb6 17. Rc2 Ba4 18. Rc3 Rac8 19. Rfc1 Rxc3 20. Qxc3 Bd7 21.
Qc7 Qxc7 22. Rxc7 Rc8 23. Rxb7 Bf5 24. h3 Bd3 25. Kf1 Bxe2+ 26. Kxe2 Nc4 27. Bc1 Bxd4 28. exd4 Na5 29. Rxe7 Rxc1 30. bxa5 Ra1 31. Rd7 Rxa3 32. Rxd6 Rxa5 33. Ke3 Kf8 34. Rb6 Rxd5 35. Rxa6 Rf5 36. f3 Ke7 37. Ke4 h5 38. Ra7+ Ke6 39. g4 Rb5 40.
Ra6+ Ke7 41. d5 f5+ 42. gxf5 gxf5+ 43. Ke5 f4 44. Ra7+ Kf8 45. Ke6 Rb3 46. Rf7+ Kg8 47. Rxf4 Re3+ 48. Kd7 Kg7 49. d6 Kg6 50. Kd8 Kg5 51.
Rf8 Kh4 52. d7 Kxh3 53. Re8 Rd3 54. Re5 h4 55. Ke8 Kg3 56. Rh5 h3 57. d8=Q Rxd8+ 58. Kxd8 Kxf3 59. Rxh3+ 1-0

[Event "*** Titled Tuesday Blitz"]
[Site "Chess.com"]
[Date "2021.02.02"]
[Round "10"]
[White "Aikiigm"]
[Black "OK97"]
[Result "0-1"]
[WhiteElo "2571"]
[BlackElo "2774"]
[TimeControl "180+1"]
[EndTime "11:56:02 PST"]
[Termination "OK97 won by resignation"]

1. d4 Nf6 2. Bf4 e6 3. Nf3 c5 4. c3 b6 5. e3 Be7 6. Nbd2 O-O 7.
Bd3 cxd4 8. cxd4 Ba6 9. Bxa6 Nxa6 10. O-O Nh5 11. Bg3 Nxg3 12. hxg3 Nc7 13. Rc1 d6 14.
Qa4 a6 15. Qc6 Nd5 16. e4 Nb4 17. Qa4 d5 18. a3 dxe4 19. Nxe4 b5 20. Qb3 Qd5 21.
Qe3 Nc6 22. Nc3 Qd7 23. Rfd1 Bf6 24. d5 Na5 25. Ne4 Bxb2 26. Nc5 Bxc1 27. Qxc1 Qa7 28.
dxe6 Rac8 29. exf7+ Kh8 30. Qd2 Nc4 31. Qd3 Qxc5 32.
Ng5 Qxg5 0-1